 Dungeon Crawl Stone Soup version 0.30.0-17-ge0270778cf (webtiles) character file.

Game seed: 2154442463523856887

5 tizbic2 the Cutter (level 1, 0/31 HPs)
             Began as a Naga Berserker on May 21, 2023.
             Was a Follower of Trog.
             Slain by a frilled lizard (1 damage)
             ... on level 1 of the Dungeon.
             The game lasted 00:01:05 (211 turns).

tizbic2 the Cutter (Naga Berserker)                  Turns: 211, Time: 00:01:07

Health: 0/31       AC:  1    Str: 19    XL:     1   Next: 80%
Magic:  1/1        EV:  9    Int:  7    God:    Trog [*.....]
Gold:   11         SH:  0    Dex: 10    Spells: 0/0 levels left

rFire   . . .        e - +0 falchion
rCold   . . .        (no shield)
rNeg    . . .        b - +0 animal skin
rPois   +            (no helmet)
rElec   .            (no cloak)
rCorr   .            (no gloves)
SInv    +            (no barding)
Will    .....        (no amulet) Stlth
                     (no ring)
HPRegen 0.25/turn    (no ring)
MPRegen 0.07/turn

%: no passive effects
@: berserking, quick
A: AC +0, large, see invisible, deformed body, poison resistance, slowness 2,
spit poison 1, naga tail 1
a: Spit Poison, Renounce Religion, Berserk


You were on level 1 of the Dungeon.
You worshipped Trog.
Trog was aware of your devotion.
You visited 1 branch of the dungeon, and saw 1 of its levels.

You collected 11 gold pieces.

Inventory:

Hand Weapons
 a - a +0 short sword
 e - a +0 falchion (weapon)
Armour
 b - a +0 animal skin (worn)
Scrolls
 g - a scroll of amnesia {unknown}
Potions
 c - a potion of degeneration {unknown}
 d - a potion of flight {unknown}
 f - a potion of heal wounds {unknown}


   Skills:
 + Level 3.0 Fighting
 * Level 3.1 Short Blades
 - Level 1.5 Armour
 - Level 1.5 Dodging
 * Level 1.2 Stealth


You couldn't memorise any spells.
You didn't know any spells.
Your spell library was empty.

Dungeon Overview and Level Annotations

Branches:
Dungeon (1/15)

Altars:


Innate Abilities, Weirdness & Mutations

Your serpentine skin is tough. (AC +0)
You have supernaturally acute eyesight. (SInv)
Armour fits poorly on your strangely shaped body.
Your system is resistant to poisons. (rPois)
You cover ground very slowly.
You can spit poison.
You have a snake-like lower body.


Message History

Press: ? - help, Shift-Dir - straight line, f - frilled lizard
Aim: a frilled lizard (31% to hit)
The splash of poison misses the ball python.
The splash of poison misses the frilled lizard.
The bat hits you but does no damage.
The ball python bites you but does no damage.
The bat hits you. The endoplasm freezes you.
You are frozen.
A red film seems to cover your vision as you go berserk!
You feel yourself moving faster!
You feel mighty! The bat barely misses you.
The ball python bites you but does no damage.
The endoplasm hits you.
You barely miss the ball python. The ball python misses you.
The bat hits you but does no damage.
You closely miss the ball python. The bat hits you but does no damage.
The ball python bites you but does no damage.
The endoplasm hits you.
* * * LOW HITPOINT WARNING * * *
You closely miss the bat. The bat barely misses you.
The bat closely misses you. The ball python closely misses you.
The endoplasm freezes you.
You are frozen.
* * * LOW HITPOINT WARNING * * *
The bat hits you but does no damage.
You hit the ball python.
You kill the ball python!
Trog accepts your kill. The bat barely misses you. The rat bites you.
* * * LOW HITPOINT WARNING * * *
The endoplasm hits you.
* * * LOW HITPOINT WARNING * * *
You slash the endoplasm!
You kill the endoplasm!
Trog accepts your kill.
You have got your breath back.
The bat hits you.
* * * LOW HITPOINT WARNING * * *
The frilled lizard bites you.
You die...

#.................# ###.8..+
#######.............†.# #.....##
#..........###........####)##.##.
#..........####..#.....##.....#..
#............##.......†..........
#.........................#.#....
#..........###..######.#....#....
#..........# #..## #......#....
#..........# #.l@# ...#........
#.hh.......##..#rb# #..#.........
....###.# .....###..... #(###
.#.... # .... # ..J.# #.. .#.
...# .. .


You could see a bat, a frilled lizard and a rat.

Vanquished Creatures
  2 endoplasms (D:1)
  A hobgoblin (D:1)
  A ball python (D:1)
  A frilled lizard (D:1)
  A kobold (D:1)
  A rat (D:1)
7 creatures vanquished.

Notes
Turn   | Place    | Note
-------+----------+-------------------------------------------
     0 | D:1      | tizbic2 the Naga Berserker began the quest for the Orb.
     0 | D:1      | Reached XP level 1. HP: 21/21 MP: 1/1
   135 | D:1      | Reached skill level 1 in Stealth
   210 | D:1      | HP: 1/31 [endoplasm (3)]
   211 | D:1      | Slain by a frilled lizard

Illustrated notes

Levels and vault maps discovered:
D:1:      grunt_arrival_crossed_arrows, layout_rooms,
          chequers_ecumenical_altar_simple_redux

Skill      XL: |  1 |
---------------+----+-----
Stealth        | 1 |  1.2
Fighting       | |  3.0
Short Blades   | |  3.1
Armour         | |  1.5
Dodging        | |  1.5

Action                     || total
---------------------------++-------
  Melee: Falchion          ||    15
         Short sword       ||     3
 Invoke: Berserk           ||     1
Ability: Spit Poison       ||     3
 Armour: Animal skin       ||    11
  Dodge: Dodged            ||    25
